 Dungeon Crawl Stone Soup version 0.31-a0-876-gfe8ebadbca (webtiles) character file.

Game seed: 8569034575877232986

116 croobank the Covert (level 5, 0/47 HPs)
             Began as a Gnoll Delver on Oct 14, 2023.
             Slain by a phantom (4 damage)
             ... on level 5 of the Dungeon.
             The game lasted 00:01:20 (231 turns).

croobank the Covert (Gnoll Delver)                   Turns: 231, Time: 00:01:21

Health: 0/47       AC:  3    Str: 11    XL:     5   Next: 0%
Magic:  6/7        EV: 13    Int: 11    God:
Gold:   0          SH:  0    Dex: 14    Spells: 6/6 levels left

rFire   . . .        a - +0 short sword
rCold   . . .        (no shield)
rNeg    . . .        b - +0 leather armour
rPois   .            (no helmet)
rElec   .            (no cloak)
rCorr   .            (no gloves)
SInv    .            (no boots)
Will    .....        (no amulet)
Stlth   ++++         (no ring)
HPRegen 0.27/turn    (no ring)
MPRegen 0.10/turn

%: no passive effects
@: hasted, very quick
A: fangs 1, strong nose, distributed training
a: no special abilities


You were on level 5 of the Dungeon.
You visited 1 branch of the dungeon, and saw 2 of its levels.

Inventory:

Hand Weapons
 a - a +0 short sword (weapon)
Armour
 b - a +0 leather armour (worn)
Wands
 g - a wand of digging (3)
Scrolls
 c - a scroll of fog
 d - a scroll of revelation
 e - a scroll of fear
 h - a scroll of enchant weapon {unknown}


   Skills:
 + Level 6.6 Fighting
 + Level 4.7 Short Blades
 + Level 1.3 Long Blades
 + Level 1.3 Axes
 + Level 1.3 Maces & Flails
 + Level 1.3 Polearms
 + Level 1.3 Staves
 + Level 1.3 Ranged Weapons
 + Level 1.3 Throwing
 + Level 1.3 Armour
 + Level 4.7 Dodging
 + Level 9.6 Stealth
 + Level 1.3 Shields
 + Level 1.3 Unarmed Combat
 + Level 1.3 Spellcasting
 + Level 1.1 Conjurations
 + Level 1.1 Hexes
 + Level 1.1 Summonings
 + Level 1.1 Necromancy
 + Level 1.1 Translocations
 + Level 1.1 Transmutations
 + Level 1.1 Fire Magic
 + Level 1.1 Ice Magic
 + Level 1.1 Air Magic
 + Level 1.1 Earth Magic
 + Level 1.1 Poison Magic
 + Level 1.5 Invocations
 + Level 1.3 Evocations
 + Level 1.2 Shapeshifting


You had 6 spell levels left.
You didn't know any spells.
Your spell library was empty.

Dungeon Overview and Level Annotations

Branches:
Dungeon (6/15)
 Temple: D:4-7

Altars:
Kikubaaqudgha


Innate Abilities, Weirdness & Mutations

You have very sharp teeth.
Your uncanny sense of smell can sniff out nearby items.
Your experience applies equally to all skills.


Message History

The phantom hits you.
The phantom blinks!
You blink.
You hit the phantom.
The phantom is moderately damaged.
You barely miss the phantom. Your bite misses the phantom.
The phantom is moderately damaged.
The phantom hits you.
You hit the ufetubus.
The ufetubus is heavily wounded.
The ufetubus closely misses you. The ufetubus hits you.
You hit the ufetubus.
The ufetubus is severely wounded.
The phantom hits you!
* * * LOW HITPOINT WARNING * * *
The phantom blinks!
You blink.
You hit the phantom. You bite the phantom, but do no damage.
The phantom is heavily damaged.
You hit the phantom.
The phantom is heavily damaged.
The phantom closely misses you.
You hit the phantom.
The phantom is severely damaged.
Okay, then.
You hit the phantom.
The phantom is severely damaged.
The phantom hits you.
* * * LOW HITPOINT WARNING * * *
You hit the phantom but do no damage.
The phantom is severely damaged.
You hit the phantom.
The phantom is almost destroyed.
You barely miss the phantom.
The phantom is almost destroyed.
The phantom hits you.
* * * LOW HITPOINT WARNING * * *
You barely miss the phantom.
The phantom is almost destroyed.
You completely miss the phantom.
The phantom is almost destroyed.
The phantom hits you.
You die...

########.###.#....
#...........#####
#................
#............#
#####.###.....# ∆
#.............#
#.............#
#..5..........#
#.@W......#.#.#
#.....?...#.#.#
#.......).#.# #
#.........#.#
#.........#.#
#.....<...#.#
###########.# #.#
#.#


You could see a phantom and an ufetubus.

Vanquished Creatures
  A centaur (D:5)
  A hound (D:6)
  An orc (D:5)
3 creatures vanquished.

Notes
Turn   | Place    | Note
-------+----------+-------------------------------------------
     0 | D:5      | Reached skill level 9 in Stealth
     0 | D:5      | croobank the Gnoll Delver began the quest for the Orb.
     0 | D:5      | Reached XP level 1. HP: 23/23 MP: 1/1
     8 | D:6      | Found an ancient bone altar of Kikubaaqudgha.
    12 | D:6      | Noticed a hound
    35 | D:6      | Killed a hound
    36 | D:6      | Reached XP level 2. HP: 7/29 MP: 1/3
    36 | D:6      | Reached XP level 3. HP: 9/35 MP: 1/4
   179 | D:5      | Noticed a phantom
   187 | D:5      | Noticed a centaur
   191 | D:5      | Killed a centaur
   192 | D:5      | Reached skill level 1 in Long Blades
   192 | D:5      | Reached skill level 1 in Axes
   192 | D:5      | Reached skill level 1 in Maces & Flails
   192 | D:5      | Reached skill level 1 in Polearms
   192 | D:5      | Reached skill level 1 in Staves
   192 | D:5      | Reached skill level 1 in Ranged Weapons
   192 | D:5      | Reached skill level 1 in Throwing
   192 | D:5      | Reached skill level 1 in Armour
   192 | D:5      | Reached skill level 1 in Shields
   192 | D:5      | Reached skill level 1 in Unarmed Combat
   192 | D:5      | Reached skill level 1 in Spellcasting
   192 | D:5      | Reached skill level 1 in Conjurations
   192 | D:5      | Reached skill level 1 in Hexes
   192 | D:5      | Reached skill level 1 in Summonings
   192 | D:5      | Reached skill level 1 in Necromancy
   192 | D:5      | Reached skill level 1 in Translocations
   192 | D:5      | Reached skill level 1 in Transmutations
   192 | D:5      | Reached skill level 1 in Fire Magic
   192 | D:5      | Reached skill level 1 in Ice Magic
   192 | D:5      | Reached skill level 1 in Air Magic
   192 | D:5      | Reached skill level 1 in Earth Magic
   192 | D:5      | Reached skill level 1 in Poison Magic
   192 | D:5      | Reached skill level 1 in Invocations
   192 | D:5      | Reached skill level 1 in Evocations
   192 | D:5      | Reached skill level 1 in Shapeshifting
   192 | D:5      | Reached XP level 4. HP: 36/41 MP: 4/6
   192 | D:5      | Reached XP level 5. HP: 41/47 MP: 4/7
   231 | D:5      | Slain by a phantom

Illustrated notes

Levels and vault maps discovered:
D:5:      layout_basic, serial_shops, nicolae_shop_mannequins,
          hangedman_decor_opposing, uniq_sigmund, uniq_prince_ribbit1
D:6:      layout_basic, mainiacjoe_overflow_small_starburst,
          mainiacjoe_overflow_boulevard, mainiacjoe_overflow_catwalk,
          lemuel_doored_altar, cheibrodos_sewer_entry_bend,
          nicolae_houndstooth_variations, uniq_blork_the_orc, uniq_pikel

Skill      XL: |  1  2  3 |
---------------+----------+-----
Stealth        | |  9.6
Long Blades    | 1 |  1.3
Axes           | 1 |  1.3
Maces & Flails | 1 |  1.3
Polearms       | 1 |  1.3
Staves         | 1 |  1.3
Ranged Weapons | 1 |  1.3
Throwing       | 1 |  1.3
Armour         | 1 |  1.3
Shields        | 1 |  1.3
Unarmed Combat | 1 |  1.3
Spellcasting   | 1 |  1.3
Conjurations   | 1 |  1.1
Hexes          | 1 |  1.1
Summonings     | 1 |  1.1
Necromancy     | 1 |  1.1
Translocations | 1 |  1.1
Transmutations | 1 |  1.1
Fire Magic     | 1 |  1.1
Ice Magic      | 1 |  1.1
Air Magic      | 1 |  1.1
Earth Magic    | 1 |  1.1
Poison Magic   | 1 |  1.1
Invocations    | 1 |  1.5
Evocations     | 1 |  1.3
Shapeshifting  | 1 |  1.2
Fighting       | |  6.6
Short Blades   | |  4.7
Dodging        | |  4.7

Action                     |  1- 3 |  4- 6 || total
---------------------------+-------+-------++-------
  Melee: Short sword       |    26 |    34 ||    60
         Bite              |     1 |     1 ||     2
         Punch             |       |     1 ||     1
    Use: Potion            |       |     1 ||     1
   Stab: Sleeping          |     1 |       ||     1
 Armour: Leather armour    |    16 |    15 ||    31
  Dodge: Dodged            |    16 |    10 ||    26

Table legend: (Time is in decaauts)
 A = Elapsed time spent in this place.
 B = Non-inter-level travel time spent in this place.
 C = Inter-level travel time spent in this place.
 D = Time resting spent in this place.
 E = Time spent auto-exploring this place.
 F = Levels seen in this place.
 G = Mean time per level.
                   A        B        C        D        E       F      G
               +--------+--------+--------+--------+--------+-----+--------+
         Total |    210 |    210 |      0 |    110 |      8 |   2 |  105.0 |
       Dungeon |    210 |    210 |      0 |    110 |      8 |   2 |  105.0 |
               +--------+--------+--------+--------+--------+-----+--------+

Top non-repeatable levels by time:
     D:6: 167 daAuts
     D:5: 43 daAuts
